 Dungeon Crawl Stone Soup version 0.27.0-1-g7a089689b8 (webtiles) character file.

Game seed: 9268649007965510993

96 pascalblue the Digger (level 4, -3/24 HPs)
             Began as a Deep Elf Earth Elementalist on Aug 3, 2021.
             Killed by nerve-wracking pain
             ... invoked by Grinder
              (12 damage)
             ... on level 3 of the Dungeon.
             The game lasted 00:06:58 (3530 turns).

pascalblue the Digger (Deep Elf Earth Elementalist) Turns: 3530, Time: 00:06:59

Health: -3/24      AC:  3    Str:  5    XL:     4   Next: 41%
Magic:  10/12      EV: 13    Int: 21    God:
Gold:   127        SH:  0    Dex: 15    Spells: 10/11 levels left

rFire    . . .     SeeInvis .   d - +0 dagger
rCold    . . .     Faith    .   (no shield)
rNeg     . . .     Spirit   .   b - +0 robe
rPois    .         Reflect  .   k - +0 helmet
rElec    .         Harm     .   (no cloak)
rCorr    .         Rampage  .   (no gloves)
Will     .....                  (no boots)
Stlth    ++........             (no amulet)
HPRegen  0.08/turn              (no ring)
MPRegen  0.13/turn              (no ring)

@: no status effects
A: no striking features
a: no special abilities


You were on level 3 of the Dungeon.
You visited 1 branch of the dungeon, and saw 3 of its levels.

You collected 127 gold pieces.

Inventory:

Hand Weapons
 d - a +0 dagger (weapon)
Missiles
 c - 32 stones
Armour
 b - a +0 robe (worn)
 k - a +0 helmet (worn)
Jewellery
 f - an amulet of reflection
 i - a +6 ring of intelligence
 l - an amulet of regeneration
Scrolls
 a - a scroll of fear {unknown}
 e - 3 scrolls of acquirement {unknown}
 h - 2 scrolls of blinking {unknown}
 j - 3 scrolls of identify {unknown}
Potions
 g - a potion of might {unknown}
 m - a potion of degeneration {unknown}


   Skills:
 + Level 0.4 Fighting
 + Level 1.0 Short Blades
 + Level 2.7 Dodging
 + Level 3.5 Stealth
 + Level 4.0 Spellcasting
 + Level 1.1 Transmutations
 + Level 4.3 Earth Magic


You had 10 spell levels left.
You knew the following spells:

 Your Spells              Type           Power      Damage    Failure   Level
a - Sandblast             Erth           44%        2d11      1%          1

Your spell library contained the following spells:

 Spells                   Type           Power      Damage    Failure   Level
 Passwall                 Tmut/Erth      12%        N/A       6%          2
 Stone Arrow              Conj/Erth      26%        3d8       14%         3
 Blink                    Tloc           N/A        N/A       19%         2
 Slow                     Hex            4%         N/A       19%         2
 Confusing Touch          Hex            4%         N/A       34%         3
 Lesser Beckoning         Tloc           2%         N/A       34%         3
 Petrify                  Tmut/Erth      15%        N/A       36%         4
 Yara's Violent Unravell  Hex/Tmut       3%         3d4       95%         5
 Manifold Assault         Tloc           4%         N/A       97%         5


Dungeon Overview and Level Annotations

Branches:
Dungeon (3/15)

Altars:
Fedhas
Nemelex Xobeh
Ru

Annotations:
D:3 Grinder


Message History

Aim: a giant cockroach (81% to hit)
The blast of sand hits the giant cockroach!
You kill the giant cockroach!
Your Spellcasting skill increases to level 4!
You see here a giant cockroach corpse.
Magic restored.
You see here 15 arrows.
Found a scale mail.
You see here a +0 scale mail.
An endoplasm comes into view.
The helpless endoplasm fails to defend itself.
You impale the endoplasm!!
You kill the endoplasm!
Grinder comes into view.
Grinder misses you.
You hit Grinder but do no damage. Grinder hits you.
You hit Grinder but do no damage.
Grinder says, "DUCK!"
Grinder hits you!
You writhe in agony.
Casting: Sandblast (safe; 1% risk of failure)
Confirm with . or Enter, or press ? or * to list all spells.
Aiming: Sandblast (safe; 1% risk of failure)
Press: ? - help, Shift-Dir - straight line, f - Grinder
Aim: Grinder (78% to hit)
The blast of sand hits Grinder!
Grinder is moderately wounded.
Grinder blinks!
Casting: Sandblast (safe; 1% risk of failure)
Confirm with . or Enter, or press ? or * to list all spells.
Aiming: Sandblast (safe; 1% risk of failure)
Press: ? - help, Shift-Dir - straight line, f/p - Grinder
Aim: Grinder (moderately wounded, 78% to hit)
The blast of sand hits Grinder.
Grinder is heavily wounded.
You hear a shout!
A hobgoblin comes into view.
Grinder gestures at you. Pain shoots through your body!
Ouch! That really hurt!
You die...

#############
#.†.>..<.....
#.###########
#########.#
#.........# ####
#.######### #...
#.#.@..# #...
##########.#.##.#
###...
#..........#.# 5g
......
#.##########.# ##
###... #.#
#.############
#... #.#
#............#
#... #.#
#...#########.#
#### #.# .......#
#.# #.# ####...#
#.######


You could see Grinder and a hobgoblin.

Vanquished Creatures
  4 gnolls
  2 worms (D:3)
  A dart slug (D:1)
  5 bats
  2 endoplasms
  3 giant cockroaches
  6 goblins
  3 hobgoblins
  5 kobolds
  5 quokkas
  4 ball pythons
  4 frilled lizards
  9 rats (D:2)
53 creatures vanquished.

Notes
Turn   | Place    | Note
-------+----------+-------------------------------------------
     0 | D:1      | pascalblue the Deep Elf Earth Elementalist began the quest
                  | for the Orb.
     0 | D:1      | Reached XP level 1. HP: 10/10 MP: 6/6
   195 | D:1      | Reached XP level 2. HP: 15/15 MP: 6/8
  1770 | D:2      | Reached XP level 3. HP: 19/19 MP: 10/10
  2513 | D:2      | Found a faded altar of an unknown god.
  2741 | D:2      | Reached XP level 4. HP: 8/24 MP: 6/11
  3428 | D:3      | Found a sacrificial altar of Ru.
  3428 | D:3      | Found a sparkling altar of Nemelex Xobeh.
  3429 | D:3      | Found a blossoming altar of Fedhas.
  3435 | D:3      | Reached skill level 1 in Short Blades
  3525 | D:3      | Noticed Grinder
  3530 | D:3      | Killed from afar by Grinder

Illustrated notes

Levels and vault maps discovered:
D:1:      dpeg_chamrin_arrival_tetris, layout_loops_corners
D:2:      layout_basic, serial_glass, glass_columns_a, glass_columns_a,
          hellmonk_ecumenical_altar_heavens_door, minmay_rat_gold_closets
D:3:      layout_loops_ring, grunt_temple_overflow_open, uniq_grinder,
          uniq_terence

Skill      XL: |  1  2  3  4 |
---------------+-------------+-----
Earth Magic    | 4 |  4.3
Stealth        | 3 |  3.5
Short Blades   | 1 |  1.0
Spellcasting   | 4 |  4.0
Fighting       | |  0.4
Dodging        | |  2.7
Transmutations | |  1.1

Action                   |  1- 3 |  4- 6 || total
-------------------------+-------+-------++-------
Melee: Dagger            |    98 |    45 ||   143
 Cast: Sandblast         |    28 |     8 ||    36
 Stab: Sleeping          |    13 |     3 ||    16
Armor: Robe              |    26 |     4 ||    30
Dodge: Dodged            |    68 |    21 ||    89
